 Dungeon Crawl Stone Soup version 0.31.0-12-g77e489cdc1 (webtiles) character file.

Game seed: 2552978640935177518

685 Doomgape the Trooper (level 7, 0/46 HPs)
             Began as a Gargoyle Fighter on Feb 24, 2024.
             Slain by Edmund
             ... wielding a +6 dire flail of protection
              (5 damage)
             ... on level 4 of the Dungeon.
             The game lasted 00:06:29 (2707 turns).

Doomgape the Trooper (Gargoyle Fighter)             Turns: 2707, Time: 00:06:29

Health: 0/46       AC: 14    Str: 22    XL:     7   Next: 62%
Magic:  7/7        EV:  8    Int:  8    God:
Gold:   178        SH:  4    Dex:  9    Spells: 6/6 levels left

rFire   + . .        r - +2 whip (flame)
rCold   + . .        c - +0 buckler
rNeg    + . .        h - +0 chain mail
rPois   ∞            (no helmet)
rElec   +            n - scarf {rC+ rF+}
rCorr   .            (no gloves)
SInv    +            (no boots)
Will    +....        g - amulet of regeneration Stlth
                     o - ring of see invisible
HPRegen 1.07/turn    (no ring)
MPRegen 0.10/turn

%: no passive effects
@: attractive, enlightened, flying, hasted, very quick
A: sickness immunity, AC +4, negative energy resistance 1, electricity
resistance, torment resistance 1, petrification resistance
a: no special abilities


You were on level 4 of the Dungeon.
You visited 1 branch of the dungeon, and saw 4 of its levels.

You collected 178 gold pieces.

Inventory:

Hand Weapons
 a - a +0 flail of draining
 r - a +2 whip of flaming (weapon)
Armour
 c - a +0 buckler (worn)
 h - a +0 chain mail (worn)
 n - a scarf of resistance (worn)
Jewellery
 g - an amulet of regeneration (around neck)
 o - a ring of see invisible (left hand)
 s - an amulet of guardian spirit
Wands
 j - a wand of mindburst (9)
Scrolls
 b - a scroll of brand weapon
 k - 3 scrolls of identify
 l - 3 scrolls of enchant weapon {unknown}
 p - a scroll of vulnerability {unknown}
 t - a scroll of teleportation {unknown}
Potions
 d - a potion of might


   Skills:
 + Level 6.0 Fighting
 + Level 4.8 Maces & Flails
 + Level 5.9 Armour
 - Level 3.8 Shields


You had 6 spell levels left.
You didn't know any spells.
Your spell library contained the following spells:

 Spells                   Type           Power      Damage    Failure   Level
 Slow                     Hex            0%         N/A       97%         1
 Confusing Touch          Hex            0%         N/A       100%        3
 Sigil of Binding         Hex            0%         N/A       100%        3
 Vampiric Draining        Necr           0%         2d6       100%        3


Dungeon Overview and Level Annotations

Branches:
Dungeon (4/15)
 Temple: D:4-7

Altars:
Fedhas
Gozag
Nemelex Xobeh

Shops:
D:4 *

Annotations:
D:4 Edmund


Innate Abilities, Weirdness & Mutations

You are immune to sickness and miasma.
Your stone body is resilient. (AC +4)
You are immune to poison.
You resist negative energy. (rN+)
You are resistant to electric shocks. (rElec)
You are resistant to unholy torment.
You are immune to petrification.


Message History

Edmund hits you with a +6 dire flail of protection.
You hit Edmund but do no damage.
Edmund is severely wounded.
Edmund hits you with a +6 dire flail of protection!
You barely miss Edmund.
Edmund is severely wounded.
Edmund hits you with a +6 dire flail of protection!
* * * LOW HITPOINT WARNING * * *
You hit Edmund but do no damage.
Edmund is severely wounded.
You block Edmund's attack.
You hit Edmund but do no damage.
Edmund is severely wounded.
Edmund hits you but does no damage.
It was a potion of enlightenment.
You feel very buoyant.
You fly up into the air.
Edmund hits you but does no damage.
It was a potion of curing.
You feel better.
Edmund hits you with a +6 dire flail of protection!
It was a potion of magic.
Magic courses through your body.
Edmund hits you with a +6 dire flail of protection!
* * * LOW HITPOINT WARNING * * *
It was a potion of haste.
You feel yourself speed up.
Edmund zaps a wand.
The puff of flame hits you. You resist.
* * * LOW HITPOINT WARNING * * *
It was a potion of attraction.
You feel attractive to monsters.
Unknown command.
You barely miss Edmund.
Edmund is severely wounded.
Edmund barely misses you.
Unknown command.
You hit Edmund but do no damage.
Edmund is severely wounded.
Unknown command.
You hit Edmund but do no damage.
Edmund is severely wounded.
Edmund hits you with a +6 dire flail of protection.
You die...
Edmund says, "I'd like to see a scythe do that!"

.##### '#...#+#
.......####
.........#.#+
........##...###
........+......# ###
.......##......#####...#
.......#.......#.......#
###+####.......'@@.....#
.......#.......#.......#
.......##......##.##...#
........+......# ## ###
).......##...####
.........#.#'#..#
.......#####....#
'#...#+#........#
.#####..........#


You could see Edmund.

Vanquished Creatures
  Pikel (D:4)
  A bombardier beetle (D:3)
  A hound (D:3)
  Crazy Yiuf (D:3)
  Jessica (D:3)
  Natasha (twice) (D:3)
  A gnoll (D:1)
  A ribbon worm (D:2)
  5 dart slugs (D:1)
  3 orcs (D:3)
  7 ball pythons
  8 bats
  8 endoplasms
  A giant cockroach (D:3)
  7 goblins
  4 hobgoblins
  7 jackals
  4 kobolds
  2 quokkas
  2 frilled lizards (D:1)
  8 rats
75 creatures vanquished.

Notes
Turn   | Place    | Note
-------+----------+-------------------------------------------
     0 | D:1      | Doomgape the Gargoyle Fighter began the quest for the Orb.
     0 | D:1      | Reached XP level 1. HP: 14/14 MP: 1/1
    38 | D:1      | Reached XP level 2. HP: 19/19 MP: 2/2
   140 | D:1      | Reached XP level 3. HP: 23/23 MP: 3/3
   756 | D:2      | Reached XP level 4. HP: 29/29 MP: 4/4
  1626 | D:3      | Noticed Natasha
  1635 | D:3      | Killed Natasha
  1636 | D:3      | Reached skill level 4 in Fighting
  1645 | D:3      | Noticed Jessica
  1652 | D:3      | Reached XP level 5. HP: 33/33 MP: 5/5
  1672 | D:3      | Killed Jessica
  1993 | D:3      | Found a runed translucent door.
  1994 | D:3      | Noticed Crazy Yiuf
  2055 | D:3      | Killed Crazy Yiuf
  2116 | D:3      | Reached XP level 6. HP: 39/39 MP: 6/6
  2127 | D:3      | Noticed Natasha
  2136 | D:3      | Killed Natasha
  2215 | D:3      | Found an opulent altar of Gozag.
  2301 | D:3      | Found a sparkling altar of Nemelex Xobeh.
  2394 | D:4      | Noticed Pikel
  2411 | D:4      | Killed Pikel
  2412 | D:4      | Reached skill level 6 in Fighting
  2412 | D:4      | Reached skill level 5 in Armour
  2412 | D:4      | Reached XP level 7. HP: 25/46 MP: 7/7
  2442 | D:4      | Found a blossoming altar of Fedhas.
  2498 | D:4      | Identified the +8 dagger "Risch" {antimagic, +Blink Str+2
                  | Dex+2}
  2635 | D:4      | Found Xainiawe's Overcharged Wands.
  2675 | D:4      | Noticed Edmund
  2702 | D:4      | HP: 2/46 [Edmund/+6 dire flail of protection (13)]
  2707 | D:4      | Slain by Edmund

Illustrated notes

Levels and vault maps discovered:
D:1:      ebering_trefoil_3fold, layout_loops_cross, chequers_garden,
          minmay_close_crescents
D:2:      layout_loops_corners
D:3:      layout_rooms, grunt_gozag_breadcrumbs, nemelex_dance_club_becter,
          minmay_hedge_maze, chequers_serial_rivers_micro_b, uniq_natasha,
          uniq_jessica, uniq_crazy_yiuf_cottage
D:4:      nicolae_cairo_tiling_very_big, layout_gridville,
          mainiacjoe_overflow_alcove_1, lemuel_round_altar,
          nicolae_shop_overcharged_wands, uniq_edmund, uniq_pikel

Skill      XL: |  1  2  3  4  5  6 |
---------------+-------------------+-----
Fighting       | 4 6 |  6.0
Armour         | 4 5 |  5.9
Maces & Flails | 3 4 |  4.8
Shields        | |  3.8

Action                     |  1- 3 |  4- 6 |  7- 9 || total
---------------------------+-------+-------+-------++-------
  Melee: Flail             |    97 |   146 |       ||   243
         Whip              |       |       |    34 ||    34
  Evoke: Wand              |       |       |     1 ||     1
    Use: Scroll            |       |     3 |     1 ||     4
         Potion            |       |       |     5 ||     5
 Armour: Scale mail        |    63 |       |       ||    63
         Chain mail        |    26 |   114 |    28 ||   168
  Dodge: Dodged            |    50 |    58 |     5 ||   113
  Block: Buckler           |    21 |    32 |     3 ||    56
